 Dungeon Crawl Stone Soup version 0.22-b1-21-g5cfc168 (webtiles) character file.

7498 Gorglomux the Fighter (level 11, -2/73 HPs)
             Began as a Gargoyle Skald on Aug 5, 2018.
             Was an Elder of Okawaru.
             Slain by an orc warrior
             ... wielding a +0 long sword
              (15 damage)
             ... on level 10 of the Dungeon.
             The game lasted 00:08:30 (9949 turns).

Gorglomux the Fighter (Gargoyle Skald)              Turns: 9949, Time: 00:08:31

Health: -2/73      AC: 18    Str: 18    XL:     11   Next: 16%
Magic:  12/14      EV: 12    Int: 14    God:    Okawaru [****..]
Gold:   464        SH:  0    Dex:  9    Spells: 13/14 levels left

rFire    . . .     SeeInvis .   U - +1 war axe (drain)
rCold    . . .     Gourm    .   (no shield)
rNeg     + . .     Faith    .   Z - +0 scale mail (curse)
rPois    ∞         Spirit   .   (no helmet)
rElec    +         Reflect  .   (no cloak)
rCorr    .         Harm     .   (no gloves)
MR       .....                  (no boots)
Stlth    +.........             P - amulet of rage
HPRegen  0.22/turn              (no ring)
MPRegen  0.14/turn              (no ring)

@: heroism
A: negative energy resistance 1, electricity resistance, unbreathing,
petrification resistance, rot immunity, AC +8
a: Heroism, Renounce Religion, Evoke Berserk Rage


You were on level 10 of the Dungeon.
You worshipped Okawaru.
Okawaru was greatly pleased with you.
You were not hungry.

You visited 2 branches of the dungeon, and saw 11 of its levels.

You collected 464 gold pieces.

Inventory:

Hand Weapons
 a - a +0 hand axe
 R - the +7 hand axe of the Median {chop, Stlth+}
   (You found it on level 7 of the Dungeon)

   It inflicts extra damage upon your enemies.
   It makes you more stealthy.
 U - a +1 war axe of draining (weapon)
Armour
 Z - a cursed +0 scale mail (worn)
Jewellery
 P - an amulet of rage (around neck)
Wands
 D - a wand of digging (11)
 I - a wand of iceblast (8)
 S - a wand of scattershot (4)
Scrolls
 e - 5 scrolls of teleportation {unknown}
 f - 2 scrolls of immolation {unknown}
 g - 2 scrolls of magic mapping {unknown}
 j - 5 scrolls of amnesia {unknown}
 m - 2 scrolls of fog {unknown}
 n - 3 scrolls of remove curse {unknown}
 H - a scroll of enchant armour {unknown}
 J - 3 scrolls of random uselessness {unknown}
 K - a scroll of acquirement {unknown}
 L - a scroll of enchant weapon {unknown}
 M - a scroll of blinking {unknown}
 T - a scroll of silence {unknown}
 V - a scroll of noise {unknown}
 W - 7 scrolls of identify {unknown}
 Y - a scroll of vulnerability {unknown}
Potions
 k - 3 potions of mutation {unknown}
 l - 5 potions of curing {unknown}
 F - a potion of berserk rage {unknown}
 G - a potion of degeneration {unknown}
 O - a potion of flight {unknown}
 Q - 3 potions of heal wounds
 X - 3 potions of lignification {unknown}
Comestibles
 d - 15 rations


   Skills:
 + Level 10.7(15.7) Fighting
 + Level 9.1(14.1) Axes
 + Level 10.4(15.4) Armour
 - Level 1.5(6.5) Dodging
 - Level 2.0 Spellcasting
 - Level 2.6 Charms
 - Level 3.0 Invocations


You had 13 spell levels left.
You knew the following spells:

 Your Spells              Type           Power        Failure   Level  Hunger
a - Infusion              Chrm           #...         17%         1    ##.....

Your spell library contained the following spells:

 Spells                   Type           Power        Failure   Level  Hunger
 Magic Dart               Conj           #...         45%         1    ##.....
 Conjure Flame            Conj/Fire      #.......     83%         3    ####...
 Slow                     Hex            #.......     61%         2    ###....
 Mephitic Cloud           Conj/Pois/Air  #.......     83%         3    ####...
 Summon Small Mammal      Summ           #...         45%         1    ##.....
 Blink                    Tloc           N/A          61%         2    ###....
 Summon Ice Beast         Ice/Summ       #.......     99%         4    #####..
 Call Imp                 Summ           #.......     61%         2    ###....
 Regeneration             Chrm/Necr      #.........   65%         3    ####...
 Spider Form              Tmut/Pois      #.........   83%         3    ####...
 Blade Hands              Tmut           #.........   100%        5    ######.
 Ice Form                 Ice/Tmut       #.......     99%         4    #####..
 Sticks to Snakes         Tmut           #.......     61%         2    ###....
 Call Canine Familiar     Summ           #.......     83%         3    ####...
 Shroud of Golubria       Chrm/Tloc      #.........   41%         2    ###....
 Beastly Appendage        Tmut           #.....       45%         1    ##.....
 Song of Slaying          Chrm           #.......     26%         2    ###....
 Spectral Weapon          Hex/Chrm       #.......     65%         3    ####...
 Summon Lightning Spire   Summ/Air       #.......     99%         4    #####..
 Summon Guardian Golem    Hex/Summ       #.......     83%         3    ####...


Dungeon Overview and Level Annotations

Branches:
Dungeon (10/15)            Temple (1/1) D:7
   Lair: D:8-11         Orc: D:9-12

Altars:
Ashenzari
Cheibriados
Dithmenos
Elyvilon
Fedhas
Gozag
Hepliaklqana
Kikubaaqudgha
Makhleb
Nemelex Xobeh
Okawaru
Qazlal
Ru
Sif Muna
Trog
Uskayaw
Vehumet
Wu Jian
Xom
Yredelemnul
Zin
The Shining One

Annotations:
D:4 1 runed door, 2tc's ghost, amateur DrFE; Dowan; Duvessa


Innate Abilities, Weirdness & Mutations

You are resistant to torment.
Your stone body is resilient. (AC +8)
You are immune to poison.
You resist negative energy. (rN+)
You are resistant to electric shocks. (rElec)
You can survive without breathing.
You are immune to petrification.
You are immune to rotting.


Message History

The gargoyle misses you!
You open the gargoyle like a pillowcase!
You destroy the gargoyle!!!
Okawaru roars: ANNIHILATED!
You closely miss the orc warrior!
The orc warrior hits you but does no damage!
You cut the orc butt but do no damage!
The orc warrior hits you with a long sword!!! * * * don't die
* * * Wield which item (- for none, * to show all)? (? for menu, Esc to quit)
You sense an unholy aura!
U - a +1 war axe of draining (weapon)
You carve the orc warrior like a ham!!!
The orc warrior is moderately wounded!
The orc warrior hits you but does no damage!
You are too injured to fight recklessly!!!
You barely miss the orc warrior!
The orc warrior is butt-ly wounded!
The orc warrior hits you with a long sword!!! rip

#.# ##.## #...#
####### ###.##
#.....##### # #.#
#####.......... #
#.###..).......##
# #
#......##......#
.# #
#.###..##......#
!.#
###.###..#######@#
.. .........#
#o##.#.#
###.#.##.#
#......# #......)
#...)..#.###
..#.#.#.........#
#
#.#.#...##.#....#
#.# . #.## ##....
#.# # ## ###.## .#
#.#


You could see an orc warrior.

Vanquished Creatures
  2 two-headed ogres
  A gargoyle (D:10)
  4 hippogriffs
  A wyvern (D:8)
  4 yaks (D:9)
  A spriggan (D:7)
  2 water moccasins
  A black bear (D:6)
  A sky beast (D:7)
  An orc warrior (D:5)
  2 phantoms
  3 ice beasts
  7 ogres
  3 centaurs
  A big kobold (D:7)
  2 crocodiles
  2 bullfrogs
  A wyvern zombie (D:8)
  A wyvern skeleton (D:8)
  2 scorpions
  12 wights
  4 crimson imps
  3 howler monkeys
  6 hounds
  9 orc wizards
  3 iguanas
  5 orc priests
  A bullfrog skeleton (D:6)
  A gnoll shaman (D:3)
  9 worker ants
  A howler monkey zombie (D:7)
  2 worker ant zombies
  9 gnolls
  8 adders
  3 shadow imps
  2 oozes
  An adder zombie (D:8)
  4 dart slugs
  6 leopard geckos
  30 orcs
  4 giant cockroaches
  3 hobgoblins
  5 kobolds
  3 quokkas
  A ball python (D:4)
  6 bats
  5 frilled lizards
  5 goblins
  A jackal skeleton (D:4)
  2 leopard gecko skeletons
  A quokka zombie (D:7)
  5 rats
202 creatures vanquished.

Notes
Turn   | Place    | Note
-------+----------+-------------------------------------------
     0 | D:1      | Gorglomux the Gargoyle Skald began the quest for the Orb.
     0 | D:1      | Reached XP level 1. HP: 12/12 MP: 3/3
   241 | D:1      | Reached XP level 2. HP: 18/18 MP: 5/5
   638 | D:2      | Reached XP level 3. HP: 20/22 MP: 6/6
   676 | D:3      | Reached skill level 3 in Fighting
   697 | D:2      | Reached XP level 4. HP: 12/28 MP: 1/7
  1164 | D:3      | Reached skill level 3 in Axes
  1164 | D:3      | Reached skill level 3 in Armour
  1164 | D:3      | Reached XP level 5. HP: 24/32 MP: 8/8
  1226 | D:3      | Noticed an orc warrior
  1745 | D:4      | Noticed Duvessa
  1747 | D:4      | Noticed Dowan
  2256 | D:4      | Reached XP level 6. HP: 38/38 MP: 9/9
  2685 | D:4      | Found a runed door.
  2710 | D:4      | Noticed 2tc's ghost (amateur DrFE)
  3149 | D:4      | Found a white marble altar of Elyvilon.
  3154 | D:4      | Found a glowing silver altar of Zin.
  3156 | D:4      | Found a blossoming altar of Fedhas.
  3156 | D:4      | Found an ornate altar of the Wu Jian Council.
  3156 | D:4      | Found a sparkling altar of Nemelex Xobeh.
  3157 | D:4      | Found a glowing golden altar of the Shining One.
  3810 | D:5      | Entered Level 5 of the Dungeon
  3940 | D:5      | Reached XP level 7. HP: 28/44 MP: 6/10
  4899 | D:5      | Reached skill level 6 in Fighting
  4899 | D:5      | Reached XP level 8. HP: 5/51 MP: 11/11
  5374 | D:6      | Reached skill level 6 in Armour
  5971 | D:6      | Found a stormy altar of Qazlal.
  6074 | D:7      | Reached skill level 6 in Axes
  6078 | D:7      | Noticed a hippogriff
  6102 | D:7      | Killed a hippogriff
  6102 | D:7      | Reached XP level 9. HP: 16/57 MP: 12/12
  6856 | D:7      | Found a staircase to the Ecumenical Temple.
  6895 | Temple   | Entered the Ecumenical Temple
  6939 | Temple   | Became a worshipper of Warmaster Okawaru
  7580 | D:7      | Got a crystal hand axe
  7581 | D:7      | Identified the +7 hand axe of the Median {chop, Stlth+} (You found it on level 7 of the Dungeon)
  7848 | D:8      | Noticed a two-headed ogre
  7855 | D:8      | Killed a two-headed ogre
  7855 | D:8      | Reached * piety under Okawaru
  7855 | D:8      | Reached skill level 9 in Fighting
  7855 | D:8      | Reached skill level 9 in Armour
  7855 | D:8      | Reached XP level 10. HP: 57/66 MP: 13/13
  8094 | D:8      | Reached ** piety under Okawaru
  8667 | D:9      | Noticed a two-headed ogre
  8920 | D:9      | Killed a two-headed ogre
  8922 | D:9      | Reached *** piety under Okawaru
  9215 | D:9      | Reached skill level 3 in Invocations
  9221 | D:9      | Reached XP level 11. HP: 58/73 MP: 14/14
  9461 | D:9      | Found a hide-covered altar of Uskayaw.
  9832 | D:10     | Entered Level 10 of the Dungeon
  9855 | D:10     | Reached **** piety under Okawaru
  9873 | D:10     | Reached skill level 9 in Axes
  9949 | D:10     | Slain by an orc warrior

Skill      XL: |  1  2  3  4  5  6  7  8  9 10 11 |
---------------+----------------------------------+-----
Axes           | 2 3 4 6 7 8 9 |  9.1
Armour         | 2 3 4 5 7 9 10 | 10.4
Fighting       | 3 4 6 7 9 10 | 10.7
Invocations    | 3 |  3.0
Dodging        | |  1.5
Spellcasting   | |  2.0
Charms         | |  2.6

Action                   |  1- 3 |  4- 6 |  7- 9 | 10-12 || total
-------------------------+-------+-------+-------+-------++-------
Melee: Hand axe          |    80 |   350 |   108 |   196 ||   734
       War axe           |       |       |   298 |     2 ||   300
Throw: Throwing net      |       |       |     1 |       ||     1
 Cast: Infusion          |     3 |     3 |     4 |       ||    10
Invok: Heroism           |       |       |       |     3 ||     3
 Abil: Evoke Berserk Rag |       |       |     1 |     3 ||     4
  Use: Potion            |     2 |       |       |       ||     2
 Stab: Held in net/web   |       |       |     1 |       ||     1
       Distracted        |       |       |     1 |       ||     1
  Eat: Chunk             |       |     6 |    14 |     5 ||    25
       Ration            |       |     1 |       |     2 ||     3
Armor: Leather armour    |    53 |   138 |    81 |       ||   272
       Scale mail        |       |       |   145 |    99 ||   244
Dodge: Dodged            |    73 |   259 |   250 |   101 ||   683
